 Dungeon Crawl Stone Soup version 0.30.1-11-g7821555f0a (webtiles) character file.

Game seed: 6704579271234278733

296 MrIGI the Shield-Bearer (level 6, -1/61 HPs)
             Began as a Troll Fighter on Dec 18, 2023.
             Was a Believer of Qazlal.
             Slain by an orc
             ... wielding a +0 mace
              (2 damage)
             ... on level 4 of the Dungeon.
             The game lasted 00:06:58 (2100 turns).

MrIGI the Shield-Bearer (Troll Fighter)             Turns: 2100, Time: 00:06:59

Health: -1/61      AC:  7    Str: 27    XL:     6   Next: 12%
Magic:  5/5        EV:  8    Int:  4    God:    Qazlal [**....]
Gold:   167        SH: 11    Dex:  9    Spells: 5/5 levels left

rFire   . .          .
                       - Unarmed
rCold   . . .        b - +0 kite shield
rNeg    . . .        p - +0 troll leather armour
rPois   .            (helmet restricted)
rElec   .            l - +0 cloak
rCorr   .            (gloves unavailable)
SInv    .            (boots unavailable)
Will    .....        (no amulet)
Stlth   +            (no ring)
HPRegen 1.90/turn    (no ring)
MPRegen 0.09/turn

%: no passive effects
@: no status effects
A: large, unfitting armour, claws 3, regeneration 1, shaggy fur 1, tough skin 1
a: Renounce Religion, Upheaval


You were on level 4 of the Dungeon.
You worshipped Qazlal.
Qazlal was pleased with you.
You visited 1 branch of the dungeon, and saw 4 of its levels.

You collected 167 gold pieces.

Inventory:

Missiles
 d - a throwing net (quivered)
Armour
 a - a +0 robe
 b - a +0 kite shield (worn)
 l - a +0 cloak (worn)
 p - a +0 troll leather armour (worn)
Wands
 m - a wand of light (7)
 u - a wand of roots (5)
Scrolls
 f - a scroll of brand weapon {unknown}
 g - 2 scrolls of enchant armour {unknown}
 h - 5 scrolls of identify {unknown}
 i - 2 scrolls of teleportation {unknown}
 s - 2 scrolls of noise {unknown}
 t - a scroll of amnesia {unknown}
 w - 3 scrolls of immolation {unknown}
 x - a scroll of butterflies {unknown}
Potions
 c - 2 potions of might
 e - 2 potions of magic {unknown}
 j - a potion of curing
 k - a potion of heal wounds
 n - 2 potions of cancellation {unknown}
 o - a potion of haste {unknown}
 q - 2 potions of degeneration {unknown}
 r - a potion of lignification {unknown}
 v - a potion of attraction {unknown}


   Skills:
 + Level 3.3 Fighting
 - Level 2.7 Dodging
 * Level 4.3 Shields
 * Level 4.3 Unarmed Combat


You had 5 spell levels left.
You didn't know any spells.
Your spell library contained the following spells:

 Spells                   Type           Power      Damage    Failure   Level
 Kiss of Death            Conj/Necr      0%         2d5       77%         1
 Confusing Touch          Hex            0%         N/A       98%         3
 Dispel Undead            Necr           0%         3d6       100%        4


Dungeon Overview and Level Annotations

Branches:
Dungeon (4/15)
 Temple: D:4-7

Altars:
Qazlal

Shops:
D:1 [


Innate Abilities, Weirdness & Mutations

You are too large for most types of armour.
You have claws for hands.
Your natural rate of healing is unusually fast.
You are covered in fur. (AC +1)
You have tough skin. (AC +1)


Message History

You block the gnoll's attack. The orc hits you but does no damage.
You block the orc's attack.
You scratch the gnoll but do no damage. The gnoll hits you but does no damage.
You block the orc's attack. The goblin hits you with a +0 club.
* * * LOW HITPOINT WARNING * * *
The orc barely misses you.
You barely miss the gnoll. The gnoll hits you with a +0 whip.
* * * LOW HITPOINT WARNING * * *
The orc hits you but does no damage.
The orc hits you from afar with a +0 trident!
* * * LOW HITPOINT WARNING * * *
The goblin barely misses you.
Your attacks no longer feel as feeble.
The gnoll hits you with a +0 whip.
* * * LOW HITPOINT WARNING * * *
You block the orc's attack. The orc hits you with a +0 trident.
* * * LOW HITPOINT WARNING * * *
The goblin hits you but does no damage.
Items here: )) [ †.
You claw the orc!
You kill the orc!
Qazlal accepts your kill.
A hound comes into view.
The gnoll hits you with a +0 whip.
* * * LOW HITPOINT WARNING * * *
The goblin hits you with a +0 club.
* * * LOW HITPOINT WARNING * * *
The orc hits you with a +0 mace.
* * * LOW HITPOINT WARNING * * *
The hound barks!
You claw the gnoll!
The gnoll is almost dead.
You block the gnoll's attack. The goblin hits you but does no damage.
The orc barely misses you.
You closely miss the gnoll.
The gnoll is almost dead.
The gnoll hits you with a +0 whip.
* * * LOW HITPOINT WARNING * * *
You block the goblin's attack. The orc hits you with a +0 mace.
You die...

.# .# .#######..
.........# ...
.........## #.#
...h......# #.#
........).# #.#
#.....g@o.# ##.##
###+###.g.# #... #...#
#..## #...########
#....
#.....))...###....
#.......)...........
..........)...........
..................#...
......................


You could see a hound, a gnoll, an orc and a goblin.

Vanquished Creatures
  A gnoll bouda (D:4)
  A hound (D:4)
  An orc priest (D:4)
  Ijyb (D:3)
  Natasha (thrice) (D:2)
  2 gnolls (D:4)
  3 worms (D:3)
  6 orcs
  An endoplasm (D:1)
  4 giant cockroaches
  13 goblins
  8 hobgoblins
  2 jackals (D:1)
  2 quokkas
  8 ball pythons
  5 bats
  8 kobolds
  4 rats
73 creatures vanquished.

Notes
Turn   | Place    | Note
-------+----------+-------------------------------------------
     0 | D:1      | MrIGI the Troll Fighter began the quest for the Orb.
     0 | D:1      | Reached XP level 1. HP: 22/22 MP: 0/0
   103 | D:1      | Reached XP level 2. HP: 29/29 MP: 1/1
   380 | D:1      | Found Buffoih's Armour Boutique.
   768 | D:1      | Found a faded altar of an unknown god.
   778 | D:1      | Reached XP level 3. HP: 36/36 MP: 2/2
   781 | D:1      | Prayed at the altar of an unknown god.
   781 | D:1      | Became a worshipper of Qazlal Stormbringer
   781 | D:1      | Reached * piety under Qazlal
   881 | D:2      | Noticed Natasha
   891 | D:2      | Killed Natasha
   998 | D:2      | Noticed Natasha
  1013 | D:2      | Killed Natasha
  1014 | D:2      | Reached XP level 4. HP: 43/44 MP: 3/3
  1017 | D:2      | Noticed Natasha
  1031 | D:2      | Killed Natasha
  1621 | D:3      | Reached ** piety under Qazlal
  1662 | D:3      | Noticed Ijyb
  1680 | D:3      | Killed Ijyb
  1681 | D:3      | Reached XP level 5. HP: 13/53 MP: 4/4
  2089 | D:4      | Reached XP level 6. HP: 34/61 MP: 5/5
  2097 | D:4      | HP: 3/61 [orc/+0 trident (2)]
  2098 | D:4      | HP: 1/61 [orc/+0 mace (1)]
  2100 | D:4      | Slain by an orc

Illustrated notes

Levels and vault maps discovered:
D:1:      eino_arrival_water_cross, layout_basic, serial_shops,
          nicolae_shop_waterfront, hellmonk_ecumenical_altar_lost_god,
          minmay_crystal_room, minmay_pentomino_v4
D:2:      layout_loops_ring, uniq_natasha
D:3:      kennysheep_the_goblin_king, layout_basic, uniq_ijyb
D:4:      layout_basic, yredelemnul_altar_generic, minivault_14

Skill      XL: |  1  2  3  4  5 |
---------------+----------------+-----
Shields        | 3 4 |  4.3
Unarmed Combat | 3 4 |  4.3
Fighting       | 3 |  3.3
Dodging        | |  2.7

Action                     |  1- 3 |  4- 6 || total
---------------------------+-------+-------++-------
  Melee: Unarmed           |    95 |   130 ||   225
 Armour: Robe              |    31 |     4 ||    35
         Troll leather arm |       |    48 ||    48
  Dodge: Dodged            |    21 |    55 ||    76
  Block: Kite shield       |    39 |    90 ||   129
